Map: Orbital Shipyard

Players

AcerNerchio (Nerchio) - Winner!

  • Race: Zerg Zerg

HyuN

  • Race: Zerg Zerg

Event: Gauntlet LotV Series 1 Qualifier 1

VOD

Have the link to the VOD?

Description

Time

  • Played on: Nov. 22, 2015, 5 p.m.
  • Length: 12:17

All games in this series

Show
View Real Time Build Order
Export as new Build Order

AcerNerchio Zerg - Winner!

Build Orders: Pool First 

Get SALT Encoding   

  12  0:01  Drone  
  13  0:08  Drone  
  14  0:15  Extractor  
  14  0:16  Drone  
  14  0:32  Spawning Pool  
  14  0:35  Drone  
  14  0:41  Extractor  
  14  0:42  Drone  
  15  0:50  Overlord  
  15  1:19  Metabolic Boost, Queen  
  15  1:20  Zergling x2  
  15  1:21  Zergling x2  
  20  1:25  Zergling x2  
  20  1:31  Zergling x2  
  21  1:42  Baneling Nest  
  21  1:43  Zergling x2  
  21  1:54  Overlord  
  21  2:04  Zergling x2  
  22  2:21  Hatchery  
  21  2:25  Drone  
  21  2:29  Drone  
  23  2:33  Drone  
  24  2:37  Drone  
  24  2:41  Drone  
  25  2:46  Drone  
  25  2:51  Baneling x2  
  26  2:56  Drone  
  27  3:05  Overlord  
  25  3:17  Drone, Queen  
  25  3:18  Drone  
  28  3:20  Drone  
  29  3:29  Evolution Chamber, Drone  
  29  3:32  Drone  
  30  3:40  Baneling  
  30  3:43  Queen  
  30  3:45  Zergling x2  
  30  3:48  Zergling x2  
  34  3:51  Zergling x2  
  34  3:53  Baneling  
  35  4:03  Drone x4  
  35  4:08  Drone x2  
  35  4:09  Drone  
  42  4:14  Overlord  
  42  4:28  Drone  
  42  4:29  Drone x2  
  42  4:30  Drone x2  
  42  4:31  Drone, Extractor  
  43  4:32  Drone  
  44  4:39  Zerg Missile Weapons Level 1  
  44  4:41  Zergling x4  
  46  4:54  Drone  
  46  4:55  Drone  
  46  4:58  Baneling  
  46  4:59  Hatchery  
  47  5:00  Overlord  
  47  5:01  Drone  
  47  5:03  Drone  
  47  5:05  Drone  
  50  5:10  Roach Warren  
  50  5:12  Drone  
  50  5:15  Overlord  
  50  5:17  Drone  
  50  5:23  Overlord  
  50  5:26  Drone x3  
  53  5:34  Zergling x4  
  53  5:36  Lair  
  53  5:37  Zergling x2  
  53  5:38  Zergling x2  
  53  5:39  Extractor  
  54  5:51  Roach  
  54  5:52  Roach x4  
  64  5:59  Drone x3  
  64  6:02  Overlord  
  68  6:04  Drone  
  68  6:09  Overlord  
  68  6:16  Drone x2  
  68  6:17  Drone x3, Extractor  
  74  6:25  Ravager x3  
  74  6:26  Ravager  
  74  6:27  Drone x2  
  74  6:28  Drone  
  74  6:31  Overlord  
  79  6:35  Overseer  
  79  6:36  Zerg Missile Weapons Level 2  
  79  6:37  Drone x4  
  79  6:39  Overlord  
  83  6:40  Extractor  
  82  6:51  Glial Reconstitution  
  82  6:52  Roach x2  
  86  6:55  Drone x4  
  90  7:01  Overlord  
  90  7:03  Overlord  
  90  7:04  Drone  
  90  7:05  Drone x3  
  90  7:08  Extractor  
  93  7:12  Overlord  
  93  7:15  Roach x2  
  97  7:16  Roach  
  97  7:18  Roach  
  97  7:19  Roach  
  97  7:21  Roach  
  105  7:25  Hydralisk Den  
  105  7:26  Overlord  
  104  7:30  Roach  
  104  7:33  Roach x3  
  104  7:34  Overlord  
  112  7:38  Drone  
  115  7:44  Roach  
  115  7:48  Roach x4  
  115  7:50  Roach x2  
  129  7:51  Roach x2  
  129  7:53  Hatchery, Drone  
  129  7:56  Roach  
  132  8:04  Roach x4  
  132  8:05  Roach  
  142  8:11  Overlord  
  142  8:12  Overlord  
  142  8:13  Overlord  
  142  8:19  Lurker Den  
  142  8:21  Overlord x2  
  142  8:30  Roach x4  
  142  8:31  Roach  
  142  8:33  Roach  
  154  8:35  Roach  
  154  8:37  Roach  
  154  8:40  Roach x2  
  151  8:41  Ravager  
  151  8:42  Ravager x3  
  151  8:44  Roach  
  151  8:46  Roach  
  160  8:48  Ravager  
  160  8:49  Roach  
  160  8:50  Roach  
  160  8:52  Roach, Zerg Ground Armor Level 1  
  160  8:54  Roach  
  170  8:55  Roach  
  170  9:01  Roach x3  
  176  9:05  Overlord  
  176  9:09  Overlord x2  
  176  9:21  Roach x2  
  176  9:23  Roach x2  
  176  9:24  Roach x3  
  176  9:25  Roach  
  176  9:28  Roach  
  176  9:29  Roach  
  176  9:30  Roach  
  176  9:31  Roach  
  176  9:33  Roach  
  176  9:34  Roach  
  176  9:35  Roach  
  176  9:37  Roach  
  174  9:38  Roach  
  174  9:41  Roach  
  174  9:42  Roach  
  174  9:43  Roach  
  180  9:46  Roach  
  180  9:47  Roach  
  180  9:49  Ravager x2  
  180  9:50  Ravager  
  187  9:54  Roach x2  
  187  9:55  Roach  
  187  9:56  Roach  
  187  9:59  Roach x2  
  190  10:00  Roach  
  190  10:03  Roach x2  
  190  10:05  Roach  
  172  10:08  Roach  
  172  10:09  Roach  
  172  10:10  Roach  
  172  10:13  Roach  
  156  10:14  Roach  
  156  10:16  Roach  
  156  10:17  Roach  
  156  10:20  Roach  
  156  10:21  Roach  
  158  10:26  Hydralisk x3  
  164  10:29  Drone  
  164  10:30  Drone, Extractor  
  163  10:37  Roach x4  
  163  10:41  Roach x2  
  175  10:43  Roach  
  175  10:48  Roach x2  
  175  10:49  Roach  
  183  10:51  Roach  
  183  10:54  Lurker  
  186  10:57  Lurker  
  186  11:00  Drone  
  186  11:01  Drone x2  
  186  11:02  Extractor  
  186  11:03  Roach x3  
  195  11:06  Roach  
  197  11:12  Roach  
  199  11:24  Roach x6  
  197  11:26  Roach  
  197  11:28  Roach x2  
  197  11:30  Roach  
  191  11:34  Roach  
  191  11:36  Roach x5  
  191  11:40  Roach x3  
  191  11:42  Roach  
  191  11:44  Roach  
  191  11:46  Roach  
  190  11:48  Roach  
  190  11:49  Roach  
  189  11:51  Roach  
Show
View Real Time Build Order
Export as new Build Order

HyuN Zerg 

Build Orders: Hatch First 

Get SALT Encoding   

  12  0:01  Drone  
  13  0:12  Overlord  
  13  0:18  Drone  
  14  0:31  Drone x2  
  14  0:35  Drone  
  17  0:45  Drone  
  18  0:58  Hatchery  
  17  1:12  Spawning Pool  
  17  1:15  Drone  
  17  1:19  Drone, Extractor  
  17  1:22  Drone  
  18  1:35  Overlord  
  18  1:58  Queen  
  18  1:59  Zergling x2  
  18  2:00  Zergling x2  
  22  2:05  Spine Crawler  
  22  2:07  Zergling x2  
  22  2:09  Queen  
  24  2:16  Baneling Nest  
  24  2:21  Zergling x2  
  24  2:29  Zergling x2  
  24  2:42  Zergling x8  
  28  2:57  Overlord  
  28  2:59  Queen  
  30  3:18  Metabolic Boost  
  28  3:20  Baneling  
  28  3:21  Drone, Baneling  
  28  3:22  Drone  
  28  3:23  Drone  
  31  3:27  Drone  
  31  3:28  Drone  
  33  3:34  Drone  
  33  3:35  Drone  
  35  3:43  Drone  
  35  3:46  Drone x2  
  38  3:54  Baneling  
  38  3:55  Baneling  
  38  3:56  Baneling  
  38  4:01  Drone  
  38  4:02  Drone x3  
  42  4:08  Overlord  
  42  4:13  Drone  
  41  4:32  Drone x8  
  49  4:45  Evolution Chamber, Extractor  
  47  4:47  Baneling x2  
  47  4:50  Drone x3  
  50  4:55  Hatchery  
  50  4:58  Drone  
  50  4:59  Overlord x2  
  50  5:08  Drone x2  
  50  5:10  Overlord x2  
  52  5:14  Roach Warren  
  52  5:17  Zerg Missile Weapons Level 1  
  51  5:23  Drone x4  
  51  5:28  Drone  
  56  5:33  Drone  
  56  5:34  Drone x2  
  56  5:35  Drone  
  59  5:39  Lair  
  59  5:41  Drone x2  
  59  5:42  Drone  
  62  5:43  Extractor  
  62  5:45  Drone  
  62  5:46  Drone, Extractor  
  62  5:53  Overlord  
  61  5:57  Roach  
  61  5:59  Roach  
  65  6:05  Roach x2  
  65  6:06  Roach  
  65  6:09  Roach x2  
  74  6:12  Roach x2  
  74  6:16  Extractor  
  77  6:21  Drone x4  
  81  6:27  Drone, Ravager  
  81  6:31  Overlord, Ravager  
  84  6:36  Overlord x2  
  84  6:41  Ravager  
  84  6:42  Ravager  
  86  6:49  Drone x3, Overlord, Extractor  
  86  6:50  Overlord x5  
  86  6:53  Ravager  
  89  7:04  Glial Reconstitution  
  89  7:07  Drone x3  
  89  7:08  Drone x2  
  94  7:10  Overseer  
  94  7:16  Hatchery  
  94  7:17  Roach x5  
  103  7:23  Roach x2  
  103  7:28  Roach x2  
  111  7:31  Zerg Missile Weapons Level 2  
  111  7:38  Drone x3  
  111  7:39  Roach  
  111  7:40  Roach x4  
  124  7:49  Roach  
  124  7:50  Roach x4  
  134  7:56  Roach x3  
  140  8:06  Roach x3  
  140  8:07  Overlord x4  
  140  8:09  Overseer  
  146  8:30  Roach x8  
  146  8:31  Roach  
  156  8:43  Ravager x4  
  156  8:44  Ravager  
  156  8:45  Ravager x3  
  156  8:46  Roach  
  156  8:47  Roach  
  168  8:53  Roach x4  
  176  9:05  Roach x2  
  176  9:06  Roach x2  
  176  9:08  Overlord x3  
  159  9:26  Roach x14  
  155  9:37  Roach x8  
  153  9:39  Roach  
  153  9:40  Roach  
  153  9:41  Roach  
  153  9:44  Roach x3  
  151  9:48  Roach x2  
  151  9:52  Roach  
  156  9:53  Roach  
  156  9:57  Roach  
  150  10:00  Roach  
  150  10:01  Roach x3  
  150  10:03  Roach  
  150  10:05  Roach  
  138  10:09  Roach  
  138  10:12  Roach  
  124  10:18  Roach  
  124  10:19  Roach  
  110  10:24  Roach  
  110  10:26  Roach  
  108  10:31  Ravager x2  
  108  10:34  Ravager  
  111  10:36  Ravager  
  111  10:37  Roach x3  
  118  10:51  Roach  
  118  10:52  Roach x10  
  118  10:56  Hatchery  
  139  11:02  Ravager  
  139  11:03  Ravager  
  141  11:13  Roach x5  
  149  11:23  Roach x8  
  147  11:30  Roach x3  
  137  11:38  Roach x2  
  117  11:40  Roach  
  117  11:44  Roach  
  117  11:45  Roach x2  
Tags
 
Add a new tag
Caveats
  • Supply blocks, unpowered buildings, or Contaminate may cause inaccurate times.
  • Supply counts are checked every 10 seconds.